 Dungeon Sprint DCSS version 0.28.0-53-g5a82cb258f (webtiles) character file.

Game seed: 5501557834220868586

564 Atelerd the Fighter (level 7, -2/51 HPs)
             Began as a Gargoyle Berserker on July 17, 2022.
             Was a Believer of Trog.
             Slain by a death cob (19 damage)
             ... in the Dungeon (Sprint V: "Ziggurat Sprint").
             The game lasted 00:01:00 (102 turns).

Atelerd the Fighter (Gargoyle Berserker)             Turns: 102, Time: 00:01:01

Health: -2/51      AC: 33    Str: 34    XL:     7   Next: 32%
Magic:  7/7        EV:  3    Int:  8    God:    Trog [**....]
Gold:   0          SH: 24    Dex:  9    Spells: 6/6 levels left

rFire   . . .      SeeInvis +   k - +14 obsidian axe {vorpal, Mesm Drain Fly SInv}
rCold   . . .      Faith    .   B - +18 shield of the Gong {rElec rN+ Will+ EV-5}
rNeg    + + .      Spirit   .   A - +15 Maxwell's patent armour {-Cast -Tele rElec Will+ rCorr}
rPois   ∞          Reflect  .   (no helmet)
rElec   +          Harm     .   (no cloak)
rCorr   +          Rampage  .   (no gloves)
Will    ++...      NoTele   +   (no boots)
Stlth   .......... NoCast   +   (no amulet)
HPRegen 0.17/turn               v - +6 ring of strength
MPRegen 0.10/turn               w - +6 ring of strength

@: flying, mesmerised, invisible (expiring)
A: sickness immunity, AC +4, negative energy resistance 1, electricity
resistance, torment resistance 1, petrification resistance
a: Renounce Religion, Berserk, Trog's Hand


You were in the Dungeon.
You worshipped Trog.
Trog was pleased with you.
You visited 1 branch

Inventory:

Hand Weapons
 a - a +0 hand axe
 k - the +14 obsidian axe (weapon) {vorpal, Mesm Drain Fly SInv}
   (You found it in the Dungeon)

   It inflicts extra damage upon your enemies.
   It occasionally summons demons to assist the wielder when it strikes in
   combat.
   Its wielder is mesmerised by any visible foes.
   It cannot be unequipped while any foes are visible.
   SInv:      It lets you see invisible.
   Fly:       It grants you flight.
   Drain:     It drains your maximum health when unequipped.
Armour
 b - a +0 animal skin
 A - the +15 Maxwell's patent armour (worn) {-Cast -Tele rElec Will+ rCorr}
   (You found it in the Dungeon)

   rElec:     It insulates you from electricity.
   -Cast:     It prevents spellcasting.
   -Tele:     It prevents most forms of teleportation.
   rCorr:     It protects you from acid and corrosion.
   Will:      It increases your willpower.
 B - the +18 shield of the Gong (worn) {rElec rN+ Will+ EV-5}
   (You found it in the Dungeon)

   It is deafeningly noisy when blocking attacks.
   EV:        It affects your evasion (-5).
   rElec:     It insulates you from electricity.
   rN:        It protects you from negative energy.
   Will:      It increases your willpower.
Jewellery
 q - a ring of flight
 r - a +6 ring of dexterity
 s - a +6 ring of dexterity
 t - a +6 ring of intelligence
 u - a +6 ring of intelligence
 v - a +6 ring of strength (left hand)
 w - a +6 ring of strength (right hand)
 C - a ring of protection from cold
Wands
 x - a wand of mindburst (7)
 y - a wand of iceblast (7)
 z - a wand of acid (7)
Scrolls
 h - 4 scrolls of blinking
 m - 7 scrolls of fog
 n - a scroll of holy word
 o - 5 scrolls of identify
 p - 2 scrolls of fear
Potions
 c - 10 potions of curing
 d - 10 potions of heal wounds
 e - 6 potions of haste
 f - 7 potions of magic
 g - 3 potions of berserk rage
 i - a potion of invisibility
 j - 4 potions of resistance
 l - 5 potions of might


   Skills:
 + Level 9.2 Fighting
 + Level 7.7 Axes
 + Level 8.9 Armour
 + Level 6.7 Dodging


You had 6 spell levels left.
You didn't know any spells.
Your spell library was empty.

Dungeon Overview and Level Annotations

Branches:
Dungeon (1/1)

Altars:
Ashenzari
Cheibriados
Dithmenos
Elyvilon
Fedhas
Gozag
Hepliaklqana
Kikubaaqudgha
Makhleb
Nemelex Xobeh
Okawaru
Qazlal
Ru
Sif Muna
Trog
Uskayaw
Vehumet
Wu Jian
Xom
Yredelemnul
Zin
The Shining One
Beogh
Jiyva
Lugonu

Annotations:
D 1 transporter


Innate Abilities, Weirdness & Mutations

You are immune to sickness and miasma.
Your stone body is resilient. (AC +4)
You are immune to poison.
You resist negative energy. (rN+)
You are resistant to electric shocks. (rElec)
You are resistant to unholy torment.
You are immune to petrification.


Message History

Unknown command.
You strike the helpless jumping spider from behind!
You slice the jumping spider!!
You are no longer entranced.
You kill the jumping spider!
Trog accepts your kill.
Your Fighting skill increases to level 9!
You have reached level 7!
You swap places.
You see here the +0 scale mail of Generosity {Dex+7}.
There is a transporter here.
Welcome to arena 3.
You enter the transporter and appear at another place.
A death cob and 3 draconians come into view.
A draconian is wielding a +3 vampiric whip.
Visions of slaying the draconian flood into your mind.
The draconian roars! x3
Found four items.
Found a transporter.
The death cob gives a chilling moan.
The draconian roars! x3
Unknown command.
Visions of slaying the draconian flood into your mind.
You flicker for a moment.
The draconian roars! x3
The draconian hits you with a +3 vampiric whip.
You slash the draconian!
The draconian is lightly wounded.
You closely miss the draconian. You hit the draconian.
Visions of slaying the draconian flood into your mind.
You block the draconian's attack.
GONNNNG!
The death cob hits you but does no damage.
You block the draconian's attack.
GONNNNG!
You closely miss the draconian.
The draconian is lightly wounded.
You hit the death cob. You open a gate to Pandemonium!
A demon appears!
You completely miss the draconian.
Visions of slaying the death cob flood into your mind.
The death cob hits you!! x2
You die...

▓▓▓▓▓▓▓▓▓▓▓▓▓▓▓▓▓▓▓
▓.8©8.▓.8©8.▓.8©8.▓
▓.):?.▓.)[:.▓.....▓
▓..d..▓.....▓.)...▓
▓.zdd.▓.....▓.†...▓
▓..@3.▓...†.▓.....▓
▓.....▓.....▓..©..▓
▓..©.3▓..©..▓▓▓▓▓▓▓
▓▓▓▓▓▓▓▓▓▓▓▓▓


You could see a death cob (mesmerising, ally target), 3 draconians, a friendly
smoke demon (summoned) and a friendly ynoxinul (summoned).

Vanquished Creatures
  A tarantella (D)
  A jumping spider (D)
  3 scorpions (D)
5 creatures vanquished.

Notes
Turn   | Place    | Note
-------+----------+-------------------------------------------
     0 | D        | Atelerd the Gargoyle Berserker began the quest for the Orb.
     0 | D        | Reached XP level 1. HP: 14/14 MP: 1/1
     0 | D        | Found a shimmering blue altar of Sif Muna.
     0 | D        | Found a bloodstained altar of Trog.
     0 | D        | Found a sacrificial altar of Ru.
     0 | D        | Found a stormy altar of Qazlal.
     0 | D        | Found an iron altar of Okawaru.
     1 | D        | Found a sparkling altar of Nemelex Xobeh.
     1 | D        | Found a blossoming altar of Fedhas.
     1 | D        | Found the +6 Majin-Bo {vamp, MP+6 Int+6}
     1 | D        | Found the +9 heavy crossbow "Sniper" {vorpal, Acc+∞ SInv}
     1 | D        | Found the +10 dark maul {vorpal}
     1 | D        | Found the +15 Maxwell's patent armour {-Cast -Tele rElec
                  | Will+ rCorr}
     1 | D        | Found the +18 shield of the Gong {rElec rN+ Will+ EV-5}
     1 | D        | Found the +14 obsidian axe {vorpal, Mesm Drain Fly SInv}
     1 | D        | Found the +7 great mace "Firestarter" {inner flame, rF++}
     1 | D        | Found the +6 shillelagh "Devastator" {shatter}
     1 | D        | Found the +11 plutonium sword {Contam Stlth-}
     1 | D        | Found the +8 lance "Wyrmbane" {slay drac, rPois rF+ rC+
                  | AC+3}
     1 | D        | Found the +9 sword of Zonguldrok {reap}
     1 | D        | Found the +13 scythe of Curses {drain, Drain}
     1 | D        | Found the +5 sword of Power {vorpal}
     1 | D        | Found the +7 mace of Variability {chain chaos}
     1 | D        | Found the +7 Singing Sword {vorpal, sonic wave}
     1 | D        | Found the +8 storm bow {elec, penet}
     3 | D        | Found a transporter.
     3 | D        | Found an ancient bone altar of Kikubaaqudgha.
     3 | D        | Found a viscous altar of Jiyva.
     3 | D        | Found a corrupted altar of Lugonu.
     3 | D        | Found a hazy altar of Hepliaklqana.
     3 | D        | Found a burning altar of Makhleb.
     3 | D        | Found an opulent altar of Gozag.
    25 | D        | Reached skill level 5 in Fighting
    25 | D        | Reached XP level 2. HP: 21/21 MP: 2/2
    65 | D        | Entered arena 2.
    65 | D        | Noticed a scorpion
    65 | D        | Noticed a scorpion
    65 | D        | Found a transporter.
    69 | D        | Killed a scorpion
    70 | D        | Reached skill level 6 in Fighting
    70 | D        | Reached skill level 5 in Axes
    70 | D        | Reached skill level 5 in Armour
    70 | D        | Reached XP level 3. HP: 27/27 MP: 3/3
    70 | D        | Reached XP level 4. HP: 32/32 MP: 4/4
    72 | D        | Killed a scorpion
    73 | D        | Reached XP level 5. HP: 37/37 MP: 5/5
    84 | D        | Entered arena 3.
    84 | D        | Noticed a tarantella
    84 | D        | Noticed a jumping spider
    84 | D        | Found a transporter.
    87 | D        | Reached ** piety under Trog
    88 | D        | Reached skill level 7 in Fighting
    88 | D        | Reached skill level 5 in Dodging
    88 | D        | Killed a tarantella
    89 | D        | Reached skill level 8 in Fighting
    89 | D        | Reached XP level 6. HP: 37/45 MP: 6/6
    92 | D        | Killed a jumping spider
    93 | D        | Reached skill level 9 in Fighting
    93 | D        | Reached XP level 7. HP: 41/51 MP: 7/7
    98 | D        | Entered arena 4.
    98 | D        | Noticed a death cob
    98 | D        | Noticed a draconian
    98 | D        | Noticed a draconian
    98 | D        | Noticed a draconian
    98 | D        | Found a transporter.
   102 | D        | Slain by a death cob

Illustrated notes

Levels and vault maps discovered:
D:        sprint_v [room_start, room_1, room_2, room_3, room_4, room_5, room_6,
          room_7, room_8, room_9, room_10, room_11, room_12, room_13, room_14,
          room_15, room_16, room_17, room_18, room_19, room_20, room_21,
          room_22, room_23, room_24, room_25, room_26, room_27]

Skill      XL: |  1  2  3  4  5  6 |
---------------+-------------------+-----
Fighting       | 5 6 8 9 |  9.2
Axes           | 4 5 7 |  7.7
Armour         | 4 5 6 8 |  8.9
Dodging        | 3 4 6 |  6.7

Action                   |  1- 3 |  4- 6 |  7- 9 || total
-------------------------+-------+-------+-------++-------
Melee: Broad axe         |     3 |    10 |     2 ||    15
  Use: Potion            |     2 |       |       ||     2
 Stab: Invisible         |       |     2 |       ||     2
Armor: Plate armour      |     3 |    11 |     1 ||    15
Dodge: Dodged            |     1 |       |       ||     1
Block: Kite shield       |     8 |    18 |     2 ||    28
